 Dungeon Crawl Stone Soup version 0.20-a0-556-g892c87b (webtiles) character file.

2 drasked the Firebug (level 1, 0/10 HPs)
             Began as a Deep Elf Fire Elementalist on Feb 5, 2017.
             Slain by a gnoll
             ... wielding a +0 whip
              (5 damage)
             ... on level 1 of the Dungeon.
             The game lasted 00:00:57 (133 turns).

drasked the Firebug (Deep Elf Fire Elementalist)     Turns: 133, Time: 00:00:57

Health: 0/10       AC:  2    Str:  5    XL:     1   Next: 33%
Magic:  0/6        EV: 13    Int: 19    God:
Gold:   12         SH:  0    Dex: 15    Spells: 5/6 levels left

rFire    . . .     SeeInvis .   (no weapon)
rCold    . . .     Gourm    .   a - +0 robe
rNeg     . . .     Faith    .   (no shield)
rPois    .         Spirit   .   (no helmet)
rElec    .         Reflect  .   (no cloak)
rCorr    .         Harm     .   (no gloves)
MR       .....                  (no boots)
Stlth    ++........             (no amulet)
Regen    0.1/turn               (no ring)
                                (no ring)

@: very slightly contaminated
A: no striking features
a: no special abilities


You were on level 1 of the Dungeon.
You were not hungry.

You visited 1 branch of the dungeon, and saw 1 of its levels.

You collected 12 gold pieces.

Inventory:

Armour
 a - a +0 robe (worn)
Scrolls
 d - a scroll of identify {unknown}
 e - a scroll of remove curse {unknown}
Books
 b - a book of Flames
Comestibles
 c - a bread ration {@e1}


   Skills:
 - Level 2.4 Dodging
 - Level 2.4 Stealth
 + Level 3.1 Spellcasting
 + Level 1.2 Conjurations
 + Level 3.3 Fire Magic


You had 5 spell levels left.
You knew the following spells:

 Your Spells              Type           Power        Failure   Level  Hunger
a - Flame Tongue          Conj/Fire      ##...        8%          1    None


Dungeon Overview and Level Annotations

Branches:
Dungeon (1/15)

Altars:


Message History

Welcome, drasked the Deep Elf Fire Elementalist.
It is said that the Orb of Zot exists deep within this dungeon.
Found a whip.
Found a staircase leading out of the dungeon.
You open the door.
There is an open door here.
A frilled lizard comes into view.
The frilled lizard hisses angrily.
Aim: a frilled lizard The flame tongue hits the frilled lizard.
You kill the frilled lizard!
You now have 5/6 mp.
You see here a frilled lizard corpse.
You open the door.
There is an open door here.
You open the door.
Found a stone staircase leading down.
There is an open door here.
There is a stone staircase leading down here.
There is an open door here.
d - a scroll labeled ENINUPN VETEN MP restored: 6 A frilled lizard comes into view.
A frilled lizard is nearby!
The frilled lizard hisses angrily.
Aim: a frilled lizard The flame tongue hits the frilled lizard.
You kill the frilled lizard!
You now have 5/6 mp.
e - a scroll labeled ERPHUG VIADUVON You see here a frilled lizard corpse.
Found a stone staircase leading down.
A frilled lizard comes into view.
Found an escape hatch in the floor.
MP restored: 6
There is an escape hatch in the floor here.
Aim: a frilled lizard (resting)
The flame tongue hits the frilled lizard.
You kill the frilled lizard!
You now have 5/6 mp.
You now have 12 gold pieces.
You open the door.
A rat comes into view.
MP restored: 6 A rat is nearby!
There is an open door here.
The rat closely misses you.
Found a stone staircase leading down.
Aim: a rat The flame tongue hits the rat.
You kill the rat!
You now have 5/6 mp.
You see here a rat corpse.
A gnoll comes into view. It is wielding a whip.
MP restored: 6 A gnoll is nearby!
Aim: a gnoll, wielding a whip (resting)
You miscast Flame Tongue.
You are very lightly contaminated with residual magic.
Nothing appears to happen.
You now have 5/6 mp.
Aim: a gnoll, wielding a whip The flame tongue hits the gnoll.
You now have 4/6 mp.
Aim: a gnoll, wielding a whip (lightly wounded)
The flame tongue hits the gnoll.
You now have 3/6 mp.
Aim: a gnoll, wielding a whip (moderately wounded)
The flame tongue hits the gnoll.
The gnoll completely misses you.
You now have 2/6 mp.
Aim: a gnoll, wielding a whip (heavily wounded)
The flame tongue misses the gnoll.
The gnoll hits you with a whip.
Ouch! That really hurt!
You take 5 damage, and have 5/10 hp.
MASSIVE DAMAGE!!
You now have 1/6 mp.
Aim: a gnoll, wielding a whip (heavily wounded)
The flame tongue hits the gnoll.
The gnoll closely misses you.
You now have 0/6 mp.
The gnoll hits you with a whip.
You take 1 damage, and have 4/10 hp.
Aim: a gnoll, wielding a whip (almost dead)
The flame tongue hits the gnoll.
The gnoll hits you with a whip.
Ouch! That really hurt!
You die...

### .... #.+ .... #.#
#.... #.# #######....
#.#########.......#
#>.....†..'.......#
#.#########.......###
#..g@[..............^
#.#.##########...#..###
#..........# #..>##.#
#...(......# #...##.#
#..............†.##.##
#....#####.###...##..#
#....# # #.#####.##
#....# .. #..# #.#+##
### ##.#


You could see a gnoll.

Vanquished Creatures
  3 frilled lizards (D:1)
  A rat (D:1)
4 creatures vanquished.

Notes
Turn   | Place    | Note
-------+----------+-------------------------------------------
     0 | D:1      | drasked the Deep Elf Fire Elementalist began the quest for the Orb.
     0 | D:1      | Reached XP level 1. HP: 10/10 MP: 6/6
   133 | D:1      | Slain by a gnoll

Vault maps used:
D:1:      sevenhm_arrival_forest_fort_small_3

Action                   || total
-------------------------++-------
 Cast: Flame Tongue      ||    10
Dodge: Dodged            ||     3

Vault maps used:
D:1:      sevenhm_arrival_forest_fort_small_3

Table legend:
 A = Turns spent in this place as a percentage of turns spent in the entire game.
 B = Non-inter-level travel turns spent in this place as a percentage of non-inter-level travel turns spent in the entire game.
 C = Inter-level travel turns spent in this place as a percentage of turns spent in this place.
 D = Turns resting spent in this place as a percentage of non-inter-level travel turns spent in this place.
 E = Turns spent auto-exploring this place as a percentage of non-inter-level travel turns spent in this place.
 F = Non-inter-level travel turns spent in this place divided by the number of levels of this place that you've seen.
                   A       B       C       D       E      F
               +-------+-------+-------+-------+-------+----------------------
         Total | 100.0 | 100.0 |   0.0 |   0.0 |  17.0 |  53.0
       Dungeon | 100.0 | 100.0 |   0.0 |   0.0 |  17.0 |  53.0
               +-------+-------+-------+-------+-------+----------------------

Table legend:
 A = Kills in this place as a percentage of kills in entire the game.
 B = Kills by you in this place as a percentage of kills by you in the entire game.
 C = Kills by friends in this place as a percentage of kills by friends in the entire game.
 D = Other kills in this place as a percentage of other kills in the entire game.
 E = Experience gained in this place as a percentage of experience gained in the entire game.
 F = Experience gained in this place divided by the number of levels of this place that you have seen.
                   A       B       C       D       E      F
               +-------+-------+-------+-------+-------+----------------------
         Total | 100.0 | 100.0 |  -nan |  -nan | 100.0 |   4.0
       Dungeon | 100.0 | 100.0 |  -nan |  -nan | 100.0 |   4.0
               +-------+-------+-------+-------+-------+----------------------
